 Dungeon Crawl Stone Soup version 0.31-a0-177-g4aa6249778 (webtiles) character file.

Game seed: 17276745303965800237

361371 Midn8 the Warrior (level 22, -2/189 HPs)
             Began as a Gnoll Reaver on June 17, 2023.
             Was a High Priest of Okawaru.
             Killed from afar by a hell hog (19 damage)
             ... with a fireball
             ... on level 3 of the Depths on June 18, 2023.
             The game lasted 03:36:30 (60332 turns).

Midn8 the Warrior (Gnoll Reaver)                   Turns: 60332, Time: 03:36:30

Health: -2/189     AC: 38    Str: 20    XL:     22   Next: 45%
Magic:  0/42       EV: 17    Int: 19    God:    Okawaru [*****.]
Gold:   306        SH: 15    Dex: 11    Spells: 21/53 levels left

rFire   + . .        a - +4 demon whip (elec)
rCold   . . .        p - +2 kite shield {AC+3}
rNeg    . . .        R - +8 chain mail of Impatience {rF+ Str+4}
rPois   .            s - +2 helmet
rElec   .            z - +1 cloak of Starlight {*Dazzle EV+4 Stlth--}
rCorr   .            c - +2 pair of gloves
SInv    .            W - +2 pair of boots
Will    ++...        n - amulet of guardian spirit
Stlth   +            h - ring of willpower
HPRegen 0.51/turn    P - +4 ring of slaying
MPRegen 0.28/turn

%: guardian spirit
@: about to teleport, studying 2 skills
A: fangs 1, strong nose, distributed training
}: 2/15 runes: decaying, serpentine
a: Renounce Religion, Heroism, Finesse, Duel


You were on level 3 of the Depths.
You worshipped Okawaru.
Okawaru was extremely pleased with you.
You visited 7 branches of the dungeon, and saw 38 of its levels.
You visited 1 bazaar.
You also visited: Sewer, Bailey and Gauntlet.

You collected 3943 gold pieces.
You spent 3637 gold pieces at shops.

Inventory:

Hand Weapons
 a - a +4 demon whip of electrocution (weapon)
 b - a +3 hand crossbow of freezing
Missiles
 e - 44 poisoned darts
 f - 37 boomerangs (quivered)
 t - 5 datura-tipped darts
 y - 23 curare-tipped darts
 F - 26 javelins
 H - 11 atropa-tipped darts
 Q - 12 silver javelins
 X - 2 throwing nets
Armour
 c - a +2 pair of gloves (worn)
 l - a +2 cloak of willpower
 p - a +2 kite shield of protection (worn)
 s - a +2 helmet (worn)
 z - the +1 cloak of Starlight (worn) {*Dazzle EV+4 Stlth--}
   (You found it in a Gauntlet)

   *Dazzle:   It may blind those who miss an attack against the wearer in melee
   combat.
   EV:        It affects your evasion (+4).
   Stlth:     It makes you much less stealthy.
 M - +3 swamp dragon scales
 R - the +8 chain mail of Impatience (worn) {rF+ Str+4}
   (You found it on level 15 of the Dungeon)

   Str:       It affects your strength (+4).
   rF:        It protects you from fire.
 W - a +2 pair of boots (worn)
Jewellery
 h - a ring of willpower (left hand)
 n - an amulet of guardian spirit (around neck)
 K - a ring of wizardry
 P - a +4 ring of slaying (right hand)
Wands
 B - a wand of iceblast (62)
 C - a wand of flame (117)
 I - a wand of acid (39)
 J - a wand of digging (3)
 O - a wand of mindburst (48)
 U - a wand of polymorph (19)
Scrolls
 j - 3 scrolls of silence
 k - 4 scrolls of revelation
 w - 10 scrolls of teleportation
 L - 19 scrolls of identify
 N - 2 scrolls of fog
 S - 5 scrolls of blinking
 V - 2 scrolls of brand weapon
 Z - 5 scrolls of fear
Potions
 d - 11 potions of mutation
 i - 10 potions of magic
 m - 7 potions of heal wounds
 o - 4 potions of enlightenment
 q - 5 potions of invisibility
 r - 10 potions of brilliance
 u - 6 potions of might
 v - 32 potions of curing
 A - 7 potions of haste
 D - 8 potions of berserk rage
 E - 2 potions of ambrosia
 G - 2 potions of cancellation
 T - 3 potions of resistance
Miscellaneous
 g - a tin of tremorstones (2/2)
 x - a lightning rod (4/4)
 Y - a piece from Xom's chessboard (15/15)


   Skills:
 + Level 19.6 Fighting
 + Level 15.5 Short Blades
 + Level 15.5 Long Blades
 + Level 15.5 Axes
 + Level 16.7 Maces & Flails
 + Level 15.5 Polearms
 + Level 15.5 Staves
 + Level 15.5 Ranged Weapons
 + Level 15.5 Throwing
 + Level 15.5 Armour
 + Level 16.1 Dodging
 + Level 15.5 Stealth
 + Level 17.4 Shields
 + Level 15.5 Unarmed Combat
 + Level 16.3 Spellcasting
 + Level 14.2 Conjurations
 + Level 13.2 Hexes
 + Level 13.2 Summonings
 + Level 13.2 Necromancy
 + Level 13.2 Translocations
 + Level 13.2 Transmutations
 + Level 13.2 Fire Magic
 + Level 13.2 Ice Magic
 + Level 13.2 Air Magic
 + Level 13.2 Earth Magic
 + Level 13.2 Poison Magic
 + Level 16.9 Invocations
 + Level 15.5 Evocations


You had 21 spell levels left.
You knew the following spells:

 Your Spells              Type           Power      Damage    Failure   Level
b - Vhi's Electric Charg  Tloc/Air       100%       N/A       1%          3
c - Borgnjor's Vile Clut  Necr/Erth      30%        N/A       2%          5
e - Cause Fear            Hex            30%        N/A       1%          4
f - Freezing Cloud        Conj/Ice/Air   30%        6-21      2%          5
g - Ignite Poison         Fire/Tmut/Pois 60%        N/A       1%          3
h - Hailstorm             Conj/Ice       61%        3d13      1%          3
r - Irradiate             Conj/Tmut      30%        3d21      2%          5
B - Blink                 Tloc           100%       N/A       1%          2
S - Wereblood             Tmut           60%        N/A       1%          2

Your spell library contained the following spells:

 Spells                   Type           Power      Damage    Failure   Level
 Beastly Appendage        Tmut           100%       N/A       1%          1
 Foxfire                  Conj/Fire      100%       2x1d9     1%          1
 Kiss of Death            Conj/Necr      100%       2d13      1%          1
 Sandblast                Erth           100%       2d20      1%          1
 Sting                    Tmut/Pois      100%       1d8       1%          1
 Cigotuvi's Dreadful Rot  Necr/Pois/Air  100%       N/A       1%          2
 Ensorcelled Hibernation  Hex/Ice        100%       N/A       1%          2
 Momentum Strike          Conj/Tloc      100%       3d10      1%          2
 Passwall                 Tmut/Erth      50%        N/A       1%          2
 Static Discharge         Conj/Air       100%       2-7/arc   1%          2
 Sublimation of Blood     Necr           60%        N/A       1%          2
 Confusing Touch          Hex            60%        N/A       1%          3
 Frozen Ramparts          Ice            100%       1d16      1%          3
 Gell's Gravitas          Tloc           60%        N/A       1%          3
 Spider Form              Tmut/Pois      60%        N/A       1%          3
 Stone Arrow              Conj/Erth      100%       3d13      1%          3
 Swiftness                Air            60%        N/A       1%          3
 Teleport Other           Tloc           60%        N/A       1%          3
 Volatile Blastmotes      Fire/Tloc      100%       2d18      1%          3
 Airstrike                Air            30%        2d(5-21)  1%          4
 Anguish                  Hex/Necr       30%        N/A       1%          4
 Dispel Undead            Necr           60%        3d21      1%          4
 Fulminant Prism          Conj/Hex       30%        3d16      1%          4
 Ice Form                 Ice/Tmut       60%        N/A       1%          4
 Iskenderun's Mystic Bla  Conj/Tloc      61%        2d13      1%          4
 Manifold Assault         Tloc           60%        N/A       1%          4
 Petrify                  Tmut/Erth      60%        N/A       1%          4
 Sticky Flame             Conj/Fire      61%        2d8       1%          4
 Iskenderun's Battlesphe  Conj           62%        2d11      1%          5
 Arcjolt                  Conj/Air       30%        1d40      2%          5
 Fireball                 Conj/Fire      30%        3d13      2%          5
 Lee's Rapid Deconstruct  Erth           30%        3d16*     2%          5
 Conjure Ball Lightning   Conj/Air       30%        3x3d10    13%         6
 Starburst                Conj/Fire      30%        6d9       13%         6
 Dispersal                Tloc           30%        N/A       16%         6
 Plasma Beam              Fire/Air       30%        2x1d43    16%         6
 Orb of Destruction       Conj           31%        9d10      50%         7
 Dragon Form              Tmut           30%        N/A       65%         7
 Storm Form               Tmut/Air       30%        N/A       65%         7
 Lehudib's Crystal Spear  Conj/Erth      30%        10d8      99%         8
 Ignition                 Fire           30%        3d10      100%        8
 Maxwell's Capacitive Co  Air            30%        ∞         100%        8
 Summon Small Mammal      Summ           Unusable   N/A       N/A         1
 Animate Armour           Summ/Erth      Unusable   N/A       N/A         4
 Animate Dead             Necr           Unusable   N/A       N/A         4
 Summon Lightning Spire   Summ/Air       Unusable   N/A       N/A         4
 Death Channel            Necr           Unusable   N/A       N/A         6
 Simulacrum               Ice/Necr       Unusable   N/A       N/A         6
 Spellforged Servitor     Conj/Summ      Unusable   N/A       N/A         7
 Dragon's Call            Summ           Unusable   N/A       N/A         9

Dungeon Overview and Level Annotations

Branches:
Dungeon (15/15)            Temple (0/1) D:7            Lair (5/5) D:8
  Swamp (4/4) Lair:3        Snake (4/4) Lair:3        Slime (0/5) Lair:4
    Orc (2/2) D:12            Elf (0/3) Orc:2        Vaults (4/5) D:13
  Crypt (0/3) Vaults:3     Depths (4/4) D:15          Sewer (visited)
 Bailey (visited)         Gauntlet (visited)
    Zot: Depths:4

Altars:
Ashenzari
Elyvilon
Gozag
Kikubaaqudgha
Makhleb
Okawaru
Trog
Uskayaw
Vehumet
Xom
Yredelemnul
The Shining One
Jiyva

Shops:
D:5 *   D:7 :   D:14 [([*   Orc:2 [*(:   Snake:1 ((   Snake:4 (([   Vaults:1 ?
Vaults:3 ?:?   Vaults:4 *   Depths:1 ==::=

Portals:
Hell: Depths:1 Depths:2 Depths:3
Abyss: Swamp:2 Depths:1 Depths:2 Depths:3
Pandemonium: Depths:2
Ziggurat: Depths:1
Trove: D:12 (give +3 ice dragon scales)

Annotations:
Lair:4 exclusion: oklob plant
Swamp:2 2 transporters, Varun's ghost, adept AtWr
Depths:2 3 runed translucent doors, Cujuar's ghost, adept DrCj; Jiasocagh's ghost, veteran MfMo


Innate Abilities, Weirdness & Mutations

You have very sharp teeth.
Your uncanny sense of smell can sniff out nearby items.
Your experience applies equally to all skills.


Message History

The fireball engulfs the hell hog.
The hell hog completely resists.
The fireball engulfs the hell hog.
The hell hog completely resists.
The fireball engulfs the hell hog.
The hell hog completely resists.
The hell hog bites you but does no damage.
The hell hog breathes fire at you.
The fireball explodes!
The fireball engulfs you but does no damage.
The fireball engulfs the hell hog.
The hell hog completely resists.
The fireball engulfs the hell hog.
The hell hog completely resists.
The fireball engulfs the hell hog.
The hell hog completely resists.
The hell hog bites you but does no damage.
You block the hell hog's attack. x2
Unknown command.
As you read the scroll of teleportation, it crumbles to dust.
You feel strangely unstable. The hell hog breathes fire at you.
The fireball explodes!
The fireball engulfs you. You resist.
* * * LOW HITPOINT WARNING * * *
The fireball engulfs the hell hog.
The hell hog completely resists.
The fireball engulfs the hell hog.
The hell hog completely resists.
The fireball engulfs the hell hog.
The hell hog completely resists.
The fireball engulfs the hell hog.
The hell hog completely resists.
The fireball engulfs the hell hog.
The hell hog completely resists.
You block the hell hog's attack. x2
The hell hog bites you but does no damage.
The hell hog breathes fire at you.
The fireball explodes!
The fireball engulfs you! You resist.
* * * LOW HITPOINT WARNING * * *
The fireball engulfs the hell hog.
The hell hog completely resists.
The fireball engulfs the hell hog.
The hell hog completely resists.
The fireball engulfs the hell hog.
The hell hog completely resists.
The fireball engulfs the hell hog.
The hell hog completely resists.
The fireball engulfs the hell hog.
The hell hog completely resists.
The fireball engulfs the hell hog.
The hell hog completely resists.
The hell hog breathes fire at you.
The fireball explodes!
The fireball engulfs the hell hog.
The hell hog completely resists.
The fireball engulfs the hell hog.
The hell hog completely resists.
The fireball engulfs the hell hog.
The hell hog completely resists.
The fireball engulfs you!! You resist.
You die...

### #.. #.# #### #.# #..#
#.# ####### ...# #.#
##§§..§## ...# #)#
#§.§...≈# ...####.#
#hhhh...#
#......(#######.@hh...+
#.............#hhhh...#
.........######≈.....≈#
.........#######≈...≈##
#####..........###+###
'.# #####......... ∆ #.#
#.....(..# . ####. ..#
#........# ..# #.... ..#
#........######.#####.###


You could see 10 hell hogs.

Vanquished Creatures
  Mara (Vaults:3)
  Boris (thrice) (Vaults:2 Vaults:3 Depths:2)
  Xtahua (Vaults:4)
  Vashnia (Snake:2)
  Nikola (Swamp:1)
  Asterion (Snake:3)
  4 sphinxes
  2 shadow dragons
  3 tengu reavers
  A revenant (Vaults:3)
  7 nagarajas
  A fire giant (Depths:3)
  5 thorn hunters
  3 frost giants
  Louise (Snake:1)
  10 vault wardens
  5 orc warlords
  Aizul (Lair:3)
  A cacodemon (Depths:2)
  3 formless jellyfish
  A war gargoyle (Vaults:3)
  16 ironbound preservers
  4 stone giants
  6 very ugly things
  A spriggan defender (Depths:2)
  A vampire knight (Vaults:3)
  12 ironbound thunderhulks
  2 spark wasps (Depths:3)
  9 eleionomae
  A bunyip (Swamp:3)
  10 dire elephants
  A minotaur (Gauntlet)
  4 ettins
  An entropy weaver (shapeshifter) (D:14)
  3 entropy weavers
  2 jiangshi (D:15)
  12 yaktaur captains
  2 rakshasas
  7 great orbs of eyes
  4 ice dragons
  2 shambling mangroves
  5 fire dragons
  19 vault guards
  16 hydras
  2 salamander tyrants (Snake:4)
  A ghost crab (Lair:3)
  2 peacekeepers
  9 anacondas
  3 spriggan air magi
  An ogre mage (Depths:2)
  A death knight (Vaults:3)
  A catoblepas (Lair:3)
  10 ironbound frosthearts
  6 deep troll shamans
  4 alligators
  20 centaur warriors
  2 deep troll earth magi
  8 two-headed ogres
  A vampire mage (D:15)
  5 boulder beetles
  19 naga warriors
  3 tengu warriors
  3 orc high priests (Orc:2)
  22 naga sharpshooters
  A death yak (Lair:1)
  5 shock serpents
  A spriggan berserker (Depths:3)
  4 hell knights (Depths:4)
  Sonja (D:13)
  3 skeletal warriors (D:13)
  A spectral catoblepas (Lair:3)
  3 skysharks
  4 iron trolls
  5 goliath frogs
  Amaemon (D:8)
  8 salamander mystics
  A glowing orange brain (Gauntlet)
  A flayed ghost (Depths:2)
  47 deep trolls
  14 swamp dragons
  A spriggan druid (Swamp:4)
  3 naga ritualists
  A harpy (Vaults:4)
  7 wizards
  A spectral hydra (Lair:3)
  3 necromancers
  4 lindwurms
  7 bog bodies
  15 orc knights
  3 phantasmal warriors
  Pikel (D:9)
  14 ugly things
  6 orc sorcerers
  16 ironbound convokers
  4 deep elf pyromancers
  A stone giant zombie (Depths:1)
  40 salamanders
  10 mana vipers
  2 manticores
  2 will-o-the-wisps
  4 cyclopes
  A rust devil (Depths:2)
  Maurice (D:11)
  A cyclops (shapeshifter) (D:10)
  2 human skeletons
  An ice statue (Gauntlet)
  20 vault sentinels
  12 elephants
  32 black mambas
  A torpor snail (Lair:2)
  3 gargoyles
  29 naga magi
  5 guardian serpents
  2 human zombies (Vaults:4)
  3 unseen horrors
  An orange demon (D:7)
  A kobold demonologist (D:11)
  2 smoke demons (Depths:2)
  An unseen horror (shapeshifter) (Depths:3)
  4 cane toads
  6 rime drakes
  4 efreet
  38 yaktaurs
  3 freezing wraiths
  A yaktaur skeleton (Vaults:4)
  6 tengu conjurers
  11 komodo dragons
  10 polar bears
  8 tyrant leeches
  A tengu simulacrum (Vaults:4)
  A hellwing (Depths:2)
  Prince Ribbit (Bailey)
  13 hornets
  6 trolls
  3 blink frogs (Lair:3)
  6 dream sheep
  A spectral black mamba (Lair:3)
  18 spriggans
  Sigmund (D:4)
  39 slime creatures
  2 spriggan skeletons (Depths:1)
  58 yaks
  5 vampires (D:15)
  4 water elementals
  8 wraiths
  7 basilisks
  6 humans (Bailey)
  3 wyverns
  2 steam dragons
  6 redbacks
  10 vampire mosquitoes
  18 swamp worms
  2 wargs (Orc:1)
  53 nagas
  An acid dragon (D:13)
  16 water moccasins
  4 black bears
  30 orc warriors
  An ice beast (D:5)
  9 swamp drakes
  3 boggarts (Lair:5)
  30 wolves
  16 centaurs
  7 ogres
  8 kobold brigands
  18 bullfrogs
  A human simulacrum (Depths:1)
  A gnoll sergeant (D:7)
  7 scorpions
  11 killer bees (D:11)
  2 howler monkeys (D:11)
  10 electric eels
  2 lava snakes (Snake:2)
  2 jellies
  4 hounds
  A gnoll bouda (D:5)
  18 orc priests
  Crazy Yiuf (D:4)
  4 iguanas
  2 sleepcaps
  Ijyb (D:3)
  36 orc wizards
  12 gnolls
  6 adders
  A river rat (Sewer)
  A shadow imp (D:7)
  A white imp (D:8)
  5 worms
  4 dart slugs
  83 orcs
  13 ball pythons
  9 endoplasms
  4 giant cockroaches
  11 goblins
  10 hobgoblins
  6 quokkas
  7 bats
  A frilled lizard (D:2)
  31 kobolds
  4 rats
  A butterfly (Depths:1)
1503 creatures vanquished.

Vanquished Creatures (collateral kills)
  An orc high priest (Orc:2)
  An orc priest (Orc:2)
  An orc wizard (Orc:2)
  3 orcs (Orc:2)
6 creatures vanquished.

Vanquished Creatures (others)
  A wizard (D:15)
  16 foxfires
17 creatures vanquished.

Grand Total: 1526 creatures vanquished

Notes
Turn   | Place    | Note
-------+----------+-------------------------------------------
     0 | D:1      | Midn8 the Gnoll Reaver began the quest for the Orb.
     0 | D:1      | Reached XP level 1. HP: 20/20 MP: 6/6
   260 | D:1      | Reached XP level 2. HP: 26/26 MP: 7/7
   443 | D:1      | Learned a level 2 spell: Momentum Strike
   483 | D:1      | Reached skill level 5 in Spellcasting
   483 | D:1      | Reached XP level 3. HP: 31/31 MP: 7/9
   602 | D:2      | Reached skill level 1 in Invocations
   763 | D:2      | Reached skill level 1 in Short Blades
   763 | D:2      | Reached skill level 1 in Long Blades
   763 | D:2      | Reached skill level 1 in Axes
   763 | D:2      | Reached skill level 1 in Polearms
   763 | D:2      | Reached skill level 1 in Staves
   763 | D:2      | Reached skill level 1 in Ranged Weapons
   763 | D:2      | Reached skill level 1 in Throwing
   763 | D:2      | Reached skill level 1 in Armour
   763 | D:2      | Reached skill level 1 in Stealth
   763 | D:2      | Reached skill level 1 in Shields
   763 | D:2      | Reached skill level 1 in Unarmed Combat
   763 | D:2      | Reached skill level 1 in Evocations
   919 | D:2      | Reached XP level 4. HP: 38/38 MP: 11/11
  1247 | D:3      | Reached skill level 1 in Hexes
  1247 | D:3      | Reached skill level 1 in Summonings
  1247 | D:3      | Reached skill level 1 in Necromancy
  1247 | D:3      | Reached skill level 1 in Translocations
  1247 | D:3      | Reached skill level 1 in Transmutations
  1247 | D:3      | Reached skill level 1 in Fire Magic
  1247 | D:3      | Reached skill level 1 in Ice Magic
  1247 | D:3      | Reached skill level 1 in Air Magic
  1247 | D:3      | Reached skill level 1 in Earth Magic
  1247 | D:3      | Reached skill level 1 in Poison Magic
  1295 | D:3      | Found a glowing drain.
  1326 | Sewer    | Entered a sewer
  1536 | Sewer    | Reached XP level 5. HP: 39/43 MP: 12/12
  1628 | Sewer    | Noticed a kobold brigand
  1683 | Sewer    | Noticed a kobold brigand
  1791 | D:3      | Found an iron altar of Okawaru.
  1839 | D:3      | Became a worshipper of Warmaster Okawaru
  2012 | D:3      | Noticed Ijyb
  2034 | D:3      | Killed Ijyb
  2286 | D:3      | Found a faded altar of an unknown god.
  2751 | D:4      | Reached XP level 6. HP: 50/50 MP: 13/13
  2811 | D:4      | Noticed Sigmund
  2845 | D:4      | Killed Sigmund
  2846 | D:4      | Reached skill level 5 in Fighting
  2846 | D:4      | Reached skill level 5 in Dodging
  3196 | D:4      | Found a hide-covered altar of Uskayaw.
  3222 | D:4      | Found a runed translucent door.
  3223 | D:4      | Noticed Crazy Yiuf
  3275 | D:4      | Killed Crazy Yiuf
  3276 | D:4      | Reached XP level 7. HP: 16/50 MP: 13/15
  3285 | D:4      | Identified the +8 hammer of Mibudgh {flame, *Rage rN+ Int+4
                  | Dex+8}
  3398 | D:4      | Learned a level 2 spell: Blink
  3711 | D:5      | Entered Level 5 of the Dungeon
  3722 | D:5      | Reached * piety under Okawaru
  4031 | D:5      | Reached XP level 8. HP: 58/63 MP: 16/16
  4064 | D:5      | Reached ** piety under Okawaru
  4208 | D:5      | Found a basalt altar of Yredelemnul.
  4306 | D:5      | Found Ocrimn's General Store.
  4314 | D:5      | Bought a potion of curing for 45 gold pieces
  4314 | D:5      | Bought a scroll of teleportation for 45 gold pieces
  4314 | D:5      | Bought a scroll of revelation for 112 gold pieces
  4392 | D:4      | Learned a level 3 spell: Hailstorm
  4986 | D:6      | Noticed a yak
  5015 | D:6      | Killed a yak
  5016 | D:6      | Reached skill level 6 in Fighting
  5454 | D:7      | Reached XP level 9. HP: 62/69 MP: 18/18
  5489 | D:7      | Found Giejie's Self-Improvement Boutique.
  5809 | D:7      | Reached *** piety under Okawaru
  6056 | D:7      | Found a staircase to the Ecumenical Temple.
  6231 | D:7      | Reached skill level 5 in Invocations
  6236 | D:7      | Found an ancient bone altar of Kikubaaqudgha.
  6667 | D:8      | Found a staircase to the Lair.
  6683 | D:8      | Reached skill level 5 in Short Blades
  6683 | D:8      | Reached skill level 5 in Long Blades
  6683 | D:8      | Reached skill level 5 in Axes
  6683 | D:8      | Reached skill level 5 in Polearms
  6683 | D:8      | Reached skill level 5 in Staves
  6683 | D:8      | Reached skill level 5 in Ranged Weapons
  6683 | D:8      | Reached skill level 5 in Throwing
  6683 | D:8      | Reached skill level 5 in Armour
  6683 | D:8      | Reached skill level 5 in Stealth
  6683 | D:8      | Reached skill level 5 in Shields
  6683 | D:8      | Reached skill level 5 in Unarmed Combat
  6683 | D:8      | Reached skill level 5 in Evocations
  6683 | D:8      | Reached XP level 10. HP: 57/77 MP: 18/20
  6882 | D:8      | Noticed an orange demon
  6884 | D:8      | Noticed Amaemon
  6939 | D:7      | Reached skill level 7 in Fighting
  7017 | D:7      | Reached **** piety under Okawaru
  7283 | D:7      | Killed an orange demon
  7394 | D:8      | Killed Amaemon
  7847 | D:8      | Learned a level 3 spell: Vhi's Electric Charge
  7853 | D:8      | Identified the +2 falchion of Ameido Lish {protect, rElec
                  | Stlth+}
  8127 | D:8      | Found a glowing golden altar of the Shining One.
  8242 | D:9      | Received a gift from Okawaru
  8326 | D:9      | Noticed a gargoyle
  8326 | D:9      | Noticed a manticore
  8348 | D:9      | Found an opulent altar of Gozag.
  8600 | D:9      | Noticed Pikel
  8612 | D:9      | Killed Pikel
  8612 | D:9      | Received a gift from Okawaru
  8813 | D:9      | Found a broken altar of Ashenzari.
  8813 | D:9      | Found a burning altar of Makhleb.
  8983 | D:9      | Reached skill level 5 in Hexes
  8983 | D:9      | Reached skill level 5 in Summonings
  8983 | D:9      | Reached skill level 5 in Necromancy
  8983 | D:9      | Reached skill level 5 in Translocations
  8983 | D:9      | Reached skill level 5 in Transmutations
  8983 | D:9      | Reached skill level 5 in Fire Magic
  8983 | D:9      | Reached skill level 5 in Ice Magic
  8983 | D:9      | Reached skill level 5 in Air Magic
  8983 | D:9      | Reached skill level 5 in Earth Magic
  8983 | D:9      | Reached skill level 5 in Poison Magic
  8992 | D:9      | Reached XP level 11. HP: 44/85 MP: 22/22
  9133 | D:9      | Found a radiant altar of Vehumet.
  9224 | D:10     | Entered Level 10 of the Dungeon
  9253 | D:10     | Noticed an entropy weaver
  9257 | D:10     | an entropy weaver changed into a wind drake
  9265 | D:10     | a wind drake changed into a cyclops
  9265 | D:10     | Noticed a cyclops (shapeshifter)
  9271 | D:10     | Killed a cyclops
  9271 | D:10     | Received a gift from Okawaru
  9373 | D:10     | Noticed a boulder beetle
  9393 | D:10     | Killed a boulder beetle
  9393 | D:10     | Reached ***** piety under Okawaru
  9487 | D:10     | Noticed a two-headed ogre
  9503 | D:10     | Killed a two-headed ogre
  9504 | D:10     | Reached skill level 8 in Fighting
  9625 | D:10     | Found a flagged portal.
  9634 | Bailey   | Entered a bailey
  9781 | Bailey   | Noticed a vault guard
  9807 | Bailey   | Killed a vault guard
  9807 | Bailey   | Identified the +2 scale mail "Conah" {Harm rElec rC-
                  | Slay+5} (Okawaru gifted it to you in a bailey)
  9807 | Bailey   | Received a gift from Okawaru
  9830 | Bailey   | Noticed a vault guard
  9830 | Bailey   | Noticed Prince Ribbit
  9854 | Bailey   | Killed Prince Ribbit
  9855 | Bailey   | Killed a vault guard
 10111 | D:10     | Found a bloodstained altar of Trog.
 10209 | Lair:1   | Entered Level 1 of the Lair of Beasts
 10264 | Lair:1   | Learned a level 3 spell: Ignite Poison
 10269 | Lair:1   | Reached XP level 12. HP: 84/94 MP: 17/24
 10401 | Lair:1   | Noticed a death yak
 10413 | Lair:1   | Killed a death yak
 10599 | Lair:1   | Reached skill level 10 in Maces & Flails
 10678 | Lair:1   | Noticed a boulder beetle
 10684 | Lair:1   | Killed a boulder beetle
 10812 | Lair:1   | Reached skill level 9 in Fighting
 11121 | Lair:2   | You fall into a shaft and drop 1 floor!
 11121 | Lair:3   | Found a staircase to the Snake Pit.
 11162 | Lair:3   | Received a gift from Okawaru
 11236 | Lair:3   | Received a gift from Okawaru
 11300 | Lair:3   | Noticed a catoblepas
 11310 | Lair:3   | Killed a catoblepas
 11310 | Lair:3   | Received a gift from Okawaru
 11511 | Lair:2   | Noticed a six-headed hydra
 11666 | Lair:2   | Killed a six-headed hydra
 11667 | Lair:2   | Reached XP level 13. HP: 101/101 MP: 20/26
 12276 | Lair:3   | Received a gift from Okawaru
 12824 | Lair:3   | Found a staircase to the Swamp.
 13224 | Lair:4   | Found a viscous altar of Jiyva.
 13226 | Lair:4   | Found a staircase to the Slime Pits.
 13342 | Lair:4   | Reached skill level 10 in Spellcasting
 14040 | Lair:4   | Received a gift from Okawaru
 14093 | Lair:4   | Learned a level 5 spell: Freezing Cloud
 14099 | Lair:4   | Learned a level 5 spell: Borgnjor's Vile Clutch
 14374 | Lair:5   | Entered Level 5 of the Lair of Beasts
 14395 | Lair:5   | Reached skill level 10 in Fighting
 14395 | Lair:5   | Reached skill level 10 in Dodging
 14435 | Lair:5   | Received a gift from Okawaru
 14710 | Lair:5   | Reached ****** piety under Okawaru
 14872 | Lair:5   | Reached XP level 14. HP: 91/110 MP: 16/28
 14876 | Lair:5   | Reached skill level 10 in Invocations
 15047 | Lair:5   | Received a gift from Okawaru
 15633 | Lair:5   | Received a gift from Okawaru
 17019 | D:10     | Identified the ring "Hadawok" {Fly Dex+3}
 17019 | D:10     | Identified the ring "Ycehahin" {rPois MP+9}
 17020 | D:10     | Got the Compilation of Cursed Nausea
 17020 | D:10     | Got the Collected Works on the Cold Band
 17547 | D:11     | Identified the +1 ring mail of Yvver {-Tele Int+2 Stlth+}
                  | (Okawaru gifted it to you on level 11 of the Dungeon)
 17547 | D:11     | Received a gift from Okawaru
 17799 | D:11     | Reached skill level 10 in Conjurations
 17934 | D:11     | Noticed Maurice
 17940 | D:11     | Killed Maurice
 17952 | D:11     | Identified the staff of cold "Gageusod" {rC+ rN+ rCorr
                  | Dex+3}
 18516 | D:12     | Found a staircase to the Orcish Mines.
 18657 | D:12     | Reached skill level 11 in Fighting
 18706 | D:12     | Reached skill level 10 in Short Blades
 18706 | D:12     | Reached skill level 10 in Long Blades
 18706 | D:12     | Reached skill level 10 in Axes
 18706 | D:12     | Reached skill level 10 in Polearms
 18706 | D:12     | Reached skill level 10 in Staves
 18706 | D:12     | Reached skill level 10 in Ranged Weapons
 18706 | D:12     | Reached skill level 10 in Throwing
 18706 | D:12     | Reached skill level 10 in Armour
 18706 | D:12     | Reached skill level 10 in Stealth
 18706 | D:12     | Reached skill level 10 in Shields
 18706 | D:12     | Reached skill level 10 in Unarmed Combat
 18706 | D:12     | Reached skill level 10 in Evocations
 18884 | D:12     | Found a portal to a secret trove of treasure.
 19440 | D:13     | Reached XP level 15. HP: 118/118 MP: 26/30
 19549 | D:13     | Noticed Sonja
 19550 | D:13     | Killed Sonja
 19998 | D:13     | Found a gate to the Vaults.
 20697 | D:7      | Bought a manual of Fighting for 1040 gold pieces
 21378 | D:14     | Found Viwnibli's Armour Shoppe.
 21606 | D:14     | Found Cojyerph's Assorted Antiques.
 21672 | D:14     | Received a gift from Okawaru
 22029 | D:14     | Found Zynott's Weapon Shop.
 22076 | D:14     | Found Seiqea's Antique Armour Boutique.
 22282 | D:15     | Entered Level 15 of the Dungeon
 22366 | D:15     | Received a gift from Okawaru
 22549 | D:15     | Received a gift from Okawaru
 22932 | D:15     | Found a staircase to the Depths.
 23160 | D:15     | Received a gift from Okawaru
 23260 | D:15     | Found a burning altar of Makhleb.
 23540 | D:15     | Identified the +8 chain mail of Impatience {rF+ Str+4}
 23825 | Orc:1    | Entered Level 1 of the Orcish Mines
 23972 | Orc:1    | Identified the +0 scale mail of Hamom {+Blink Will+ Dex+3}
                  | (Okawaru gifted it to you on level 1 of the Orcish Mines)
 23972 | Orc:1    | Received a gift from Okawaru
 24013 | Orc:1    | Reached skill level 12 in Fighting
 24242 | Orc:2    | Entered Level 2 of the Orcish Mines
 24427 | Orc:2    | Found a shimmering altar of Xom.
 24472 | Orc:2    | Found a gate leading to a gauntlet.
 24486 | Gauntlet | Entered a Gauntlet
 24486 | Gauntlet | Found a transporter.
 24503 | Gauntlet | Found a transporter.
 24507 | Gauntlet | Found a transporter.
 24507 | Gauntlet | Found a transporter.
 24516 | Gauntlet | Found a transporter.
 24531 | Gauntlet | Found a transporter.
 24536 | Gauntlet | Found a transporter.
 24551 | Gauntlet | Found a transporter.
 24560 | Gauntlet | Found the +1 cloak of Starlight {*Dazzle EV+4 Stlth--}
 24570 | Gauntlet | Found a transporter.
 24582 | Gauntlet | Found a transporter.
 24605 | Gauntlet | Noticed a balrug
 24606 | Gauntlet | Found a transporter.
 24611 | Gauntlet | Found a transporter.
 24623 | Gauntlet | Found a transporter.
 24638 | Gauntlet | Found a transporter.
 24643 | Gauntlet | Found a transporter.
 24681 | Gauntlet | Found a transporter.
 24683 | Gauntlet | Found a transporter.
 24710 | Gauntlet | Found a transporter.
 25273 | Gauntlet | Got the Precepts of Breezy Fascination
 25275 | Gauntlet | Identified the +0 helmet of Qanetei Dafi {rCorr Str+3 Int-3
                  | Dex+2}
 25280 | Gauntlet | Identified the +2 leather armour of the Will of the Gods
                  | {rF+}
 25638 | Orc:2    | Found a staircase to the Elven Halls.
 25648 | Orc:2    | Noticed an orc warlord
 25655 | Orc:2    | Reached XP level 16. HP: 124/128 MP: 26/32
 25934 | Orc:2    | Found Awohoixid's Antique Armour Shoppe.
 25935 | Orc:2    | Found Ipreime's Antique Weapon Shoppe.
 25937 | Orc:2    | Found Naahulij's General Store.
 25937 | Orc:2    | Found Avynusche's Book Emporium.
 25953 | Orc:2    | Bought a scroll of enchant weapon for 97 gold pieces
 25953 | Orc:2    | Bought a potion of might for 52 gold pieces
 26398 | Snake:1  | Entered Level 1 of the Snake Pit
 26802 | Snake:1  | Noticed Aizul
 27142 | Lair:3   | Killed Aizul
 27694 | Snake:1  | Learned a level 4 spell: Cause Fear
 27940 | Snake:1  | Reached skill level 13 in Fighting
 28051 | Snake:1  | Found Yxtunyri's Weapon Shop.
 28232 | Snake:1  | Received a gift from Okawaru
 28599 | Snake:1  | Found Zeontiaf's Firing Range.
 28614 | Snake:1  | Bought a +3 hand crossbow of freezing for 396 gold pieces
 29031 | Snake:2  | Noticed a nagaraja
 29197 | Snake:2  | Identified the +4 tower shield of Precision Catastrophes
                  | {rN+ Will+}
 29197 | Snake:2  | Noticed Louise
 29905 | Snake:2  | Noticed Vashnia
 30112 | Snake:2  | Reached XP level 17. HP: 89/138 MP: 0/33
 30436 | Snake:1  | Killed Louise
 30526 | Snake:2  | Received a gift from Okawaru
 30533 | Snake:2  | Reached skill level 10 in Hexes
 30533 | Snake:2  | Reached skill level 10 in Summonings
 30533 | Snake:2  | Reached skill level 10 in Necromancy
 30533 | Snake:2  | Reached skill level 10 in Translocations
 30533 | Snake:2  | Reached skill level 10 in Transmutations
 30533 | Snake:2  | Reached skill level 10 in Fire Magic
 30533 | Snake:2  | Reached skill level 10 in Ice Magic
 30533 | Snake:2  | Reached skill level 10 in Air Magic
 30533 | Snake:2  | Reached skill level 10 in Earth Magic
 30533 | Snake:2  | Reached skill level 10 in Poison Magic
 30942 | Snake:2  | Killed Vashnia
 31130 | Snake:2  | Reached skill level 14 in Fighting
 31919 | Snake:3  | Received a gift from Okawaru
 32624 | Snake:3  | Noticed Asterion
 32811 | Snake:3  | Killed Asterion
 32811 | Snake:3  | Received a gift from Okawaru
 33403 | Snake:4  | Entered Level 4 of the Snake Pit
 33447 | Snake:4  | Found Wyufidyg's Weapon Shop.
 33457 | Snake:4  | Found Obeetaa's Weapon Shop.
 33844 | Snake:4  | Identified the +0 crystal plate armour of the Equator
                  | {-Cast rPois Str+7} (Okawaru gifted it to you on level 4 of
                  | the Snake Pit)
 33844 | Snake:4  | Received a gift from Okawaru
 34652 | Snake:4  | Found Mozysk's Armour Shop.
 35163 | Snake:4  | Reached XP level 18. HP: 148/148 MP: 35/35
 35381 | Snake:4  | Reached skill level 15 in Fighting
 36544 | Snake:4  | Got a serpentine rune of Zot
 37091 | Swamp:1  | Entered Level 1 of the Swamp
 37676 | Swamp:1  | Upgraded the game from 0.31-a0-175-g9f7f995f2b to
                  | 0.31-a0-177-g4aa6249778
 37721 | Swamp:1  | Received a gift from Okawaru
 37728 | Swamp:1  | Noticed Nikola
 37735 | Swamp:1  | Killed Nikola
 38027 | Swamp:1  | Identified the +0 gold dragon scales "Rasaos" {rPois rF+
                  | rC+ Will++ rCorr MP-9 Str-3} (Okawaru gifted it to you on
                  | level 1 of the Swamp)
 38027 | Swamp:1  | Received a gift from Okawaru
 38424 | Swamp:2  | Noticed a tentacled monstrosity
 38425 | Swamp:2  | Found a transporter.
 38688 | Swamp:2  | Found a transporter.
 38708 | Swamp:2  | Found a one-way gate to the infinite horrors of the Abyss.
 38708 | Swamp:2  | Noticed Varun's ghost (adept AtWr)
 41254 | Swamp:4  | Entered Level 4 of the Swamp
 41353 | Swamp:4  | Reached skill level 16 in Fighting
 41489 | Swamp:4  | Reached XP level 19. HP: 157/157 MP: 22/37
 41826 | Swamp:4  | Identified the +1 cloak of the Barracuda {Int+3} (Okawaru
                  | gifted it to you on level 4 of the Swamp)
 41826 | Swamp:4  | Received a gift from Okawaru
 42155 | Swamp:4  | Got a decaying rune of Zot
 43137 | Vaults:1 | Entered Level 1 of the Vaults
 43140 | Vaults:1 | Found Cualoin's Magic Scroll Emporium.
 43537 | D:7      | Bought a manual of Shields for 1040 gold pieces
 44554 | Vaults:1 | Reached skill level 15 in Maces & Flails
 44704 | Vaults:1 | Received a gift from Okawaru
 44888 | Vaults:1 | Identified the +6 long sword of Inference {vamp, rN+ Str-2
                  | SInv}
 45647 | Vaults:1 | Learned a level 2 spell: Wereblood
 45681 | Vaults:2 | Reached skill level 17 in Fighting
 45844 | Vaults:2 | Reached skill level 15 in Invocations
 46163 | Vaults:2 | Noticed Boris
 46189 | Vaults:2 | Killed Boris
 46412 | Vaults:2 | Reached XP level 20. HP: 168/168 MP: 28/38
 47079 | Vaults:2 | Received a gift from Okawaru
 48645 | Vaults:3 | Noticed Mara
 48659 | Vaults:3 | Noticed Midn8's illusion
 48661 | Vaults:3 | Killed Mara
 48661 | Vaults:3 | Received a gift from Okawaru
 48662 | Vaults:3 | Reached skill level 15 in Spellcasting
 48764 | Vaults:3 | Reached skill level 15 in Shields
 48985 | Vaults:3 | Received a gift from Okawaru
 49259 | Vaults:3 | Found Laruput's Magic Scroll Shoppe.
 49329 | Vaults:3 | Reached skill level 15 in Dodging
 49344 | Vaults:3 | Found the sphere of Battle
 49352 | Vaults:3 | Received a gift from Okawaru
 49464 | Vaults:3 | Found a staircase to the Crypt.
 49668 | Vaults:3 | Found a flickering gateway to a bazaar.
 49678 | Bazaar   | Entered a bazaar
 49678 | Bazaar   | Found Sooxorux's Assorted Antiques.
 49760 | Bazaar   | Found Xoan's Weapon Emporium.
 49764 | Bazaar   | Found Zivelleo's Book Shoppe.
 49772 | Bazaar   | Found Hagem's Magic Scroll Emporium.
 49778 | Bazaar   | Found Beili's Distillery.
 49786 | Bazaar   | Bought 2 potions of heal wounds for 110 gold pieces
 49786 | Bazaar   | Bought a potion of haste for 110 gold pieces
 49824 | Vaults:3 | Identified the +0 short sword of Past Mistakes {spect,
                  | Int+4 Dex+4}
 49853 | Vaults:3 | Identified the +6 tower shield "Vinnue" {Drain rPois Will+
                  | Int+5} (Okawaru gifted it to you on level 3 of the Vaults)
 49853 | Vaults:3 | Received a gift from Okawaru
 49856 | Vaults:3 | Reached skill level 18 in Fighting
 49922 | Vaults:3 | Noticed Boris
 49954 | Vaults:3 | Killed Boris
 50517 | Vaults:3 | Found Ruakhl Ytir's Book Boutique.
 50976 | Vaults:3 | Reached XP level 21. HP: 177/177 MP: 36/40
 51210 | Vaults:3 | Found Pujat's Magic Scroll Shoppe.
 52114 | Vaults:4 | Found Kavuepn's General Store.
 52224 | Vaults:4 | Received a gift from Okawaru
 53121 | Vaults:4 | Received a gift from Okawaru
 53192 | Vaults:4 | Identified the +1 leather armour of Compassion {Fly rElec
                  | rF++ Dex-2}
 53417 | Vaults:4 | Received a gift from Okawaru
 53474 | Vaults:4 | Reached skill level 15 in Short Blades
 53474 | Vaults:4 | Reached skill level 15 in Long Blades
 53474 | Vaults:4 | Reached skill level 15 in Axes
 53474 | Vaults:4 | Reached skill level 15 in Polearms
 53474 | Vaults:4 | Reached skill level 15 in Staves
 53474 | Vaults:4 | Reached skill level 15 in Ranged Weapons
 53474 | Vaults:4 | Reached skill level 15 in Throwing
 53474 | Vaults:4 | Reached skill level 15 in Armour
 53474 | Vaults:4 | Reached skill level 15 in Stealth
 53474 | Vaults:4 | Reached skill level 15 in Unarmed Combat
 53474 | Vaults:4 | Reached skill level 15 in Evocations
 54010 | Vaults:1 | Bought a scroll of enchant armour for 142 gold pieces
 54084 | Vaults:4 | Noticed Xtahua
 54095 | Vaults:4 | Killed Xtahua
 54095 | Vaults:4 | Identified the +2 kite shield of Bad Feelings {rElec rF-
                  | Str+4 Int+3} (Okawaru gifted it to you on level 4 of the
                  | Vaults)
 54095 | Vaults:4 | Received a gift from Okawaru
 54827 | Depths:1 | Entered Level 1 of the Depths
 54837 | Depths:1 | Found Qydghuut's Jewellery Shop.
 54915 | Depths:1 | Reached skill level 19 in Fighting
 55041 | Depths:1 | Found a white marble altar of Elyvilon.
 55420 | Depths:1 | Found Xoizxul's Book Shop.
 55672 | Depths:1 | Found a gateway to Hell.
 55860 | Depths:1 | Found Ischiofu's Jewellery Shop.
 55866 | Depths:1 | Found Boiprem's Book Shoppe.
 56099 | Orc:2    | Bought a book of Alchemy for 448 gold pieces
 56105 | Orc:2    | Learned a level 5 spell: Irradiate
 56347 | Depths:1 | Found Icaboul's Jewellery Emporium.
 56644 | Depths:1 | Found a one-way gateway to a ziggurat.
 57035 | Depths:2 | Found a runed translucent gate.
 57035 | Depths:2 | Found a runed translucent gate.
 57035 | Depths:2 | Found a runed translucent gate.
 57038 | Depths:2 | Noticed Cujuar's ghost (adept DrCj)
 57038 | Depths:2 | Noticed Jiasocagh's ghost (veteran MfMo)
 57245 | Depths:2 | Reached XP level 22. HP: 181/188 MP: 12/42
 57551 | Depths:2 | Found a one-way gate leading to the halls of Pandemonium.
 57558 | Depths:2 | Identified the +2 spear of the Seven Knaves {antimagic,
                  | rElec Int+2 SInv}
 57737 | Depths:2 | Received a gift from Okawaru
 57937 | Depths:2 | Noticed Boris
 58134 | Depths:2 | Killed Boris
 59782 | Depths:3 | You fall into a shaft and drop 1 floor!
 59782 | Depths:4 | Entered Level 4 of the Depths
 59902 | Depths:4 | Identified the +0 ring mail of Feasting {rCorr Int+2 Dex+3
                  | Stlth-} (Okawaru gifted it to you on level 4 of the Depths)
 59902 | Depths:4 | Received a gift from Okawaru
 60329 | Depths:3 | HP: 5/189 [something (5)]
 60332 | Depths:3 | Killed from afar by a hell hog

Illustrated notes

Levels and vault maps discovered:
D:1:      beargit_arrival_greenhouse, layout_rooms, hangedman_decor_push,
          supply_closet_lemuel
D:2:      layout_rooms
D:3:      kennysheep_the_goblin_king, layout_loops_ring,
          okawaru_metal_pillars_1_2, chequers_ecumenical_altar_simple_redux,
          portal_sewer_entry_f, uniq_ijyb
D:4:      layout_basic, mainiacjoe_overflow_six_doors_small,
          kennysheep_another_room, uniq_crazy_yiuf_cottage, uniq_sigmund
D:5:      layout_gridville, yredelemnul_altar_generic, serial_shops,
          nicolae_shop_tiny_statue_garden, eino_small_chamber_without_monster
D:6:      layout_basic, minmay_microvault
D:7:      layout_basic, marbit_many_paths, minmay_temple_entry_from_below_a,
          serial_curves, eino_curves_02, eino_curves_01, nicolae_shop_self_help
D:8:      layout_loops_ring, tso_altar, due_lair_maze_entry_diamond,
          uniq_amaemon
D:9:      layout_gridville, lemuel_crystal_altar,
          gammafunk_temple_overflow_wave, nicolae_gozag_seed_capital,
          lightli_corner_chamber, uniq_pikel
D:10:     minmay_the_grid_triangle_9x9_rhombus_thin
          [minmay_the_grid_triangle_9x9_sprig,
          minmay_the_grid_triangle_9x9_prize_top_heavy,
          minmay_the_grid_triangle_9x9_alien,
          minmay_the_grid_triangle_9x9_skeleton], layout_irregular_city,
          mainiacjoe_overflow_brackets, enter_bailey_8
D:11:     layout_long_grid, uniq_maurice
D:12:     layout_roguey, david_orc_2, enter_trove_3
D:13:     layout_basic, david_vaults_5, serial_co_window_serial,
          co_window_of_opportunity_a, co_window_cross_1, co_window_cross_1,
          co_window_paths_a, co_window_cross_1, co_window_corner_b,
          co_window_of_opportunity_c, co_window_broadway_c, co_window_paths_c,
          co_window_of_opportunity_b, co_window_corner_b, co_window_cross_2,
          glass_columns_a, glass_columns_a, solitary_fountain, uniq_sonja
D:14:     layout_stronghold, infiniplex_staircase_pillars_3b, serial_shops,
          shop, nicolae_inconvenience_store, shop,
          nicolae_shop_bloodbath_and_beyond
D:15:     hangedman_depths_entry_civil_slaughter, layout_loops_ring,
          chequers_big_river, nicolae_nh_vlads_tower
Lair:1:   layout_roguey, grunt_forest_large_clearing_hut, lemuel_fruit_fields,
          infiniplex_staircase_pool_2
Lair:2:   layout_long_grid, grunt_megastairs_5
Lair:3:   layout_small_grid, nicolae_swamp_entry_spooky,
          guppyfry_snake_entry_garden
Lair:4:   layout_hall_layers, minmay_slime_entry_oklob_enclosed
Lair:5:   minmay_lair_end_enchanted_forest, layout_layer_cave,
          gammafunk_lair_bear_cave, infiniplex_staircase_pool
Swamp:1:  layout_basic_swamp, evilmike_swamp_ruin_house_3, swamp_pool1,
          uniq_nikola
Swamp:2:  layout_basic_swamp, gammafunk_ghost_abyssal_escape, serial_swamp_ruin,
          evilmike_swamp_ruin_house_4, evilmike_swamp_ruin_rubble_2
Swamp:3:  layout_basic_swamp, evilmike_swamp_ruin_house_5
Swamp:4:  swamp_alternative, layout_basic_swamp
Snake:1:  layout_honeycomb, serial_shops, shop, nicolae_shop_firing_range,
          serial_bayou_shore_b, grunt_megastairs_3, lemuel_fruit_tree,
          uniq_aizul
Snake:2:  layout_grid_shapes, nicolae_snake_salamander_zone, uniq_louise,
          uniq_vashnia
Snake:3:  layout_misc_corridors, uniq_asterion
Snake:4:  snake_pit, layout_layer_cave, serial_shops, shop, minmay_shop_star
Orc:1:    layout_caves
Orc:2:    st_orc_congregation, layout_caves, basic_altar, gauntlet_entry_generic
Vaults:1: ontoclasm_vaults_decontamination, nicolae_vaults_wine_cellar,
          ontoclasm_vaults_bender, nicolae_vaults_sightless_eye,
          vaults_room_grunt_arrival_checkpoint, layout_vaults_omnigrid,
          serial_shops, shop
Vaults:2: nicolae_vaults_alarming, v_misc_14, nicolae_vaults_network_s,
          v_misc_5, hangedman_vaults_impose, ontoclasm_vaults_idyll,
          nicolae_vaults_back_hallway, nicolae_vaults_house_1,
          nicolae_vaults_hexular_roomagon, vaults_room_ringed_pool,
          nicolae_vaults_tetromino_T_2, v_rooms_3, dpeg_vaults_monster_box,
          nicolae_vaults_little_squares_4, layout_vaults_omnibox, uniq_boris
Vaults:3: minmay_crypt_entry_simple_walls, hangedman_vaults_stitches,
          nicolae_vaults_closet_pinwheel_4, ontoclasm_vaults_gateway,
          vaults_room_door_hall, st_cross, hangedman_vaults_stagger, v_misc_33,
          hangedman_vaults_capsules, vaults_room_hallway,
          layout_vaults_big_cross, serial_shops, bzr_entry_lakeside, shop,
          nicolae_shop_rolled_up, nicolae_shop_statue_plus, uniq_mara
Vaults:4: v_misc_25, hangedman_vaults_impose, nicolae_vaults_circle_grid_a,
          vaults_room_grunt_arrival_ludios, v_rooms_6, nicolae_vaults_arrows,
          v_rooms_2, nicolae_vaults_house_1, hangedman_vaults_cutoff, v_rooms_1,
          layout_vaults_maze_bifur, serial_shops, nicolae_shop_real_fake_doors,
          uniq_xtahua
Depths:1: layout_basic, enter_ziggurat_f, abyss_entry,
          chequers_serial_rivers_micro_a, serial_shops,
          nicolae_shop_gaudy_bauble, shop, shop, nicolae_shop_waterfront, shop,
          hangedman_coc_ice_floe, st_stairs_8, nicolae_elyvilon_peaceful_grove
Depths:2: kennysheep_ogre_elephant_herders, layout_gridville, minmay_holes,
          hell_entry, abyss_entry, rand_demon_pan_entry_3,
          gammafunk_ghost_cemetery, minmay_staircase_statues_hall_small
Depths:3: kennysheep_room_grid, layout_basic, grunt_hell_horde,
          abyss_entry_small_statue_room, nrook_mini_backslash,
          grunt_ministairs_6, nicolae_take_the_stairs
Depths:4: grunt_zot_entry_funnels, layout_twisted_cross, hellmouth_1,
          serial_bayou_pond_e, serial_bayou_shore_a

Skill      XL: |  1  2  3  4  5  6  7  8  9 10 11 12 13 14 15 16 17 18 19 20 21 22 |
---------------+-------------------------------------------------------------------+-----
Spellcasting   | 5 6 7 8 9 10 11 12 13 14 15 16 | 16.3
Invocations    | 1 2 3 4 5 6 7 8 9 10 11 12 13 14 15 16 | 16.9
Short Blades   | 1 2 3 5 6 7 8 9 10 11 12 13 14 15 | 15.5
Long Blades    | 1 2 3 5 6 7 8 9 10 11 12 13 14 15 | 15.5
Axes           | 1 2 3 5 6 7 8 9 10 11 12 13 14 15 | 15.5
Polearms       | 1 2 3 5 6 7 8 9 10 11 12 13 14 15 | 15.5
Staves         | 1 2 3 5 6 7 8 9 10 11 12 13 14 15 | 15.5
Ranged Weapons | 1 2 3 5 6 7 8 9 10 11 12 13 14 15 | 15.5
Throwing       | 1 2 3 5 6 7 8 9 10 11 12 13 14 15 | 15.5
Armour         | 1 2 3 5 6 7 8 9 10 11 12 13 14 15 | 15.5
Stealth        | 1 2 3 5 6 7 8 9 10 11 12 13 14 15 | 15.5
Shields        | 1 2 3 5 6 7 8 9 10 11 12 13 14 15 16 17 | 17.4
Unarmed Combat | 1 2 3 5 6 7 8 9 10 11 12 13 14 15 | 15.5
Evocations     | 1 2 3 5 6 7 8 9 10 11 12 13 14 15 | 15.5
Hexes          | 1 2 3 4 5 6 7 8 9 10 11 12 13 | 13.2
Summonings     | 1 2 3 4 5 6 7 8 9 10 11 12 13 | 13.2
Necromancy     | 1 2 3 4 5 6 7 8 9 10 11 12 13 | 13.2
Translocations | 1 2 3 4 5 6 7 8 9 10 11 12 13 | 13.2
Transmutations | 1 2 3 4 5 6 7 8 9 10 11 12 13 | 13.2
Fire Magic     | 1 2 3 4 5 6 7 8 9 10 11 12 13 | 13.2
Ice Magic      | 1 2 3 4 5 6 7 8 9 10 11 12 13 | 13.2
Air Magic      | 1 2 3 4 5 6 7 8 9 10 11 12 13 | 13.2
Earth Magic    | 1 2 3 4 5 6 7 8 9 10 11 12 13 | 13.2
Poison Magic   | 1 2 3 4 5 6 7 8 9 10 11 12 13 | 13.2
Fighting       | 5 6 7 8 9 10 11 12 13 14 16 17 18 19 | 19.6
Dodging        | 5 6 7 8 9 10 11 12 13 14 15 16 | 16.1
Maces & Flails | 7 8 9 10 11 12 13 14 15 16 | 16.7
Conjurations   | 6 7 8 9 10 11 12 13 14 | 14.2

Action                     |  1- 3 |  4- 6 |  7- 9 | 10-12 | 13-15 | 16-18 | 19-21 | 22-24 || total
---------------------------+-------+-------+-------+-------+-------+-------+-------+-------++-------
  Melee: Mace              |    68 |    23 |       |       |       |       |       |       ||    91
         Bite              |     3 |    17 |    24 |    80 |   208 |    55 |   115 |    32 ||   534
         Punch             |     2 |     1 |     1 |       |       |       |       |       ||     4
         Flail             |       |   161 |   310 |    76 |       |       |       |       ||   547
         Demon whip        |       |       |       |   580 |  1395 |   451 |   577 |   171 ||  3174
   Fire: Hand crossbow     |       |       |       |       |       |   302 |   483 |    54 ||   839
  Throw: Stone             |     5 |    27 |     3 |       |       |       |       |       ||    35
         Dart              |       |     8 |       |    25 |    25 |    12 |     5 |       ||    75
         Boomerang         |       |     3 |       |     6 |    13 |    31 |    20 |    11 ||    84
         Javelin           |       |       |     3 |       |       |       |       |       ||     3
   Cast: Kiss of Death     |     1 |     3 |     1 |       |       |       |       |       ||     5
         Momentum Strike   |     7 |     9 |     9 |       |     2 |       |       |       ||    27
         Hailstorm         |       |       |     1 |     3 |    17 |       |       |       ||    21
         Vhi's Electric Ch |       |       |       |     1 |     2 |       |       |       ||     3
         Ignite Poison     |       |       |       |    20 |    40 |     7 |     3 |       ||    70
         Blink             |       |       |       |     1 |       |       |       |       ||     1
         Borgnjor's Vile C |       |       |       |       |    24 |   141 |   170 |    37 ||   372
         Freezing Cloud    |       |       |       |       |    23 |   213 |   159 |    21 ||   416
         Cause Fear        |       |       |       |       |       |       |       |     2 ||     2
         Irradiate         |       |       |       |       |       |       |       |     1 ||     1
 Invoke: Heroism           |       |       |     5 |     8 |     4 |     5 |     7 |     1 ||    30
         Finesse           |       |       |       |     2 |     1 |     2 |     1 |     1 ||     7
  Evoke: Wand              |       |       |       |       |    16 |       |       |     1 ||    17
         Tin of tremorston |       |       |       |       |     2 |       |       |       ||     2
         Lightning rod     |       |       |       |       |       |     4 |       |       ||     4
    Use: Scroll            |       |    10 |     5 |     2 |    19 |     5 |     1 |     6 ||    48
         Potion            |       |       |       |       |       |     1 |       |     2 ||     3
   Stab: Sleeping          |       |     4 |     1 |     4 |    16 |     1 |     4 |       ||    30
         Distracted        |       |       |       |     1 |     5 |       |       |       ||     6
         Invisible         |       |       |       |       |     2 |    14 |     2 |       ||    18
 Armour: Leather armour    |    19 |    41 |   106 |    70 |       |       |       |       ||   236
         Troll leather arm |       |       |       |    55 |   298 |       |       |       ||   353
         Chain mail        |       |       |       |       |   144 |    21 |   222 |    83 ||   470
         Swamp dragon scal |       |       |       |       |       |   192 |    21 |       ||   213
  Dodge: Dodged            |    65 |    91 |   196 |   293 |   633 |   259 |   188 |    67 ||  1792
  Block: Kite shield       |       |       |    41 |       |   212 |   284 |   366 |   106 ||  1009
         Buckler           |       |       |    40 |   120 |   189 |       |       |       ||   349

Table legend: (Time is in decaauts)
 A = Elapsed time spent in this place.
 B = Non-inter-level travel time spent in this place.
 C = Inter-level travel time spent in this place.
 D = Time resting spent in this place.
 E = Time spent auto-exploring this place.
 F = Levels seen in this place.
 G = Mean time per level.
                   A        B        C        D        E       F      G
               +--------+--------+--------+--------+--------+-----+--------+
         Total |  59790 |  55591 |   4199 |  22412 |  21045 |  42 | 1423.6 |
       Dungeon |  17831 |  15632 |   2199 |   3613 |   8344 |  15 | 1188.7 |
          Lair |   6886 |   6453 |    433 |   1652 |   3257 |   5 | 1377.2 |
         Swamp |   6081 |   5801 |    280 |   3331 |   1537 |   4 | 1520.2 |
     Snake Pit |  10140 |   9814 |    326 |   5704 |   2248 |   4 | 2535.0 |
  Orcish Mines |   1624 |   1390 |    234 |    227 |    714 |   2 |  812.0 |
        Vaults |  10591 |  10100 |    491 |   5025 |   3002 |   4 | 2647.8 |
        Depths |   5063 |   4830 |    233 |   2525 |   1414 |   4 | 1265.8 |
        Bazaar |    130 |    130 |      0 |     65 |     37 |   1 |  130.0 |
         Sewer |    451 |    451 |      0 |     61 |    220 |   1 |  451.0 |
        Bailey |    194 |    194 |      0 |      3 |      2 |   1 |  194.0 |
      Gauntlet |    794 |    794 |      0 |    204 |    267 |   1 |  794.0 |
               +--------+--------+--------+--------+--------+-----+--------+

Top non-repeatable levels by time:
 Snake:1: 3731 daAuts
 Snake:4: 3616 daAuts
Vaults:2: 3046 daAuts
Vaults:3: 2856 daAuts
Vaults:4: 2406 daAuts
Vaults:1: 2282 daAuts
  Lair:5: 2023 daAuts
    D:13: 1999 daAuts
     D:7: 1989 daAuts
Depths:1: 1944 daAuts
 Swamp:2: 1937 daAuts
  Lair:3: 1842 daAuts
    D:10: 1610 daAuts
Depths:2: 1567 daAuts
 Snake:3: 1556 daAuts
